 Dungeon Crawl Stone Soup version 0.29.0-4-gdea44cf6ec (webtiles) character file.

Game seed: 1915608942489031820

179 qw the Chopper (level 5, -15/30 HPs)
             Began as a Tengu Warper on Aug 28, 2022.
             Demolished by an ogre
             ... wielding a +0 giant club
              (22 damage)
             ... on level 4 of the Dungeon.
             The game lasted 00:00:20 (3378 turns).

qw the Chopper (Tengu Warper)                       Turns: 3378, Time: 00:00:20

Health: -15/30     AC:  8    Str: 14    XL:     5   Next: 59%
Magic:  8/8        EV:  7    Int: 13    God:
Gold:   247        SH:  9    Dex: 11    Spells: 8/8 levels left

rFire   + . .      SeeInvis .   Y - +1 hand axe (drain)
rCold   . . .      Faith    .   j - +0 buckler
rNeg    . . .      Spirit   .   l - +0 chain mail
rPois   .          Reflect  +   (helmet restricted)
rElec   .          Harm     .   (no cloak)
rCorr   .          Rampage  .   (no gloves)
Will    .....                   (boots unavailable)
Stlth   ..........              i - amulet of reflection
HPRegen 0.10/turn               (no ring)
MPRegen 0.11/turn               (no ring)

@: about to teleport, flying quickly and evasively, quick
A: beak, talons 3, nimble flight, clumsy 1, fire resistance 1, low MP 1
a: no special abilities


You were on level 4 of the Dungeon.
You visited 1 branch of the dungeon, and saw 4 of its levels.

You collected 247 gold pieces.


Innate Abilities, Weirdness & Mutations

You have a beak for a mouth.
You have claws for feet.
Your magical nature lets you fly swiftly and evasively.
You are clumsy. (Dex -2)
Your flesh is heat resistant. (rF+)
Your magical capacity is low. (-10% MP)


   Skills:
 - Level 2.0 Fighting
 + Level 5.7 Axes
 - Level 1.0 Throwing
 - Level 1.1 Armour
 - Level 2.1 Dodging
 - Level 1.8 Shields
 - Level 2.0 Spellcasting
 - Level 2.4 Translocations


You had 8 spell levels left.
You didn't know any spells.
Your spell library contained the following spells:

 Spells                   Type           Power      Damage    Failure   Level
 Blink                    Tloc           14%        N/A       99%         2
 Gell's Gravitas          Tloc           7%         N/A       100%        3
 Lesser Beckoning         Tloc           7%         N/A       100%        3
 Teleport Other           Tloc           7%         N/A       100%        3
 Manifold Assault         Tloc           7%         N/A       100%        5

Inventory:

Hand Weapons
 p - a +0 flail
 Y - a +1 hand axe of draining (weapon)
Armour
 j - a +0 buckler (worn)
 l - a +0 chain mail (worn)
Jewellery
 i - an amulet of reflection (around neck)
 k - a ring of ice
Scrolls
 g - a scroll of identify
Potions
 a - 2 potions of curing
 b - a potion of degeneration {unknown}
 d - a potion of lignification {unknown}
 e - a potion of might {unknown}
 f - a potion of heal wounds {unknown}
 m - a potion of attraction {unknown}
 n - a potion of mutation

Dungeon Overview and Level Annotations

Branches:
Dungeon (4/15)
 Temple: D:4-7

Altars:
Ashenzari
Xom

Annotations:
D:3 1 runed translucent door, Crazy Yiuf


Message History

Crazy Yiuf glowers.
Things that are here:
a +0 ring mail; a +0 leather armour Could not explore, unopened runed door.
(D) Dungeon
Where to? (* - list waypoints, Enter - D:4, ? - help)
What level of the Dungeon? (default 1, ? - help)
There is a stone staircase leading down here.
You fly downwards.
The orc hits you with a +0 hand axe. The orc closely misses you.
There is a stone staircase leading up here.
You hit the orc. You drain the orc.
You kill the orc!
You hit the orc. You drain the orc. You block the orc's attack.
You barely miss the orc. You claw the orc.
You kill the orc!
You start resting.
HP restored.
You see here a +0 scale mail.
You now have 235 gold pieces (gained 14).
b - a lumpy clear potion
Enter note: You now have 247 gold pieces (gained 12).
An ogre comes into view. It is wielding a +0 giant club.
3375 ||| Stepping ~*~*~tactically~*~*~ (stealth).
Found a stone staircase leading down and a stone staircase leading up.
You hit the ogre. Your kick misses the ogre. Your peck misses the ogre.
The ogre is lightly wounded.
The ogre hits you with a +0 giant club!!
Ouch! That really hurt!
You hear a shout! x2
3378 ||| READING scroll of teleportation.
As you read the scroll of teleportation, it crumbles to dust.
You feel strangely unstable.
You hear a shout!
You hear an angry hiss.
You hear a shout!
An orc comes into view. It is wielding a +0 hand axe.
The ogre hits you with a +0 giant club!!
Ouch! That really hurt!
You die...

### #... #...
#.... #...o #####
#....###....
#......O.#
#.....@###
#...>.#...# #....
###.#### .<..
##......## ###
##........##
#..........#
#..........###..
..................
#.............###.


You could see an ogre and an orc.

Vanquished Creatures
  An orc priest (D:3)
  Ijyb (D:3)
  An orc wizard (D:3)
  An adder (D:2)
  2 worms (D:2)
  2 dart slugs
  12 orcs
  7 bats
  An endoplasm (D:2)
  A giant cockroach (D:2)
  3 goblins
  9 hobgoblins
  3 quokkas
  9 ball pythons
  5 frilled lizards
  5 kobolds
  5 rats
68 creatures vanquished.

Notes
Turn   | Place    | Note
-------+----------+-------------------------------------------
     0 | D:1      | qw the Tengu Warper began the quest for the Orb.
     0 | D:1      | Reached XP level 1. HP: 12/12 MP: 4/4
     0 | D:1      | 0 ||| qw: Version: 0.1-a-89-g26bdef1
     0 | D:1      | 0 ||| qw: Game counter: 1376
     0 | D:1      | 0 ||| qw: Always use a shield: true
     0 | D:1      | 0 ||| qw: God list: Okawaru
     0 | D:1      | 0 ||| qw: Allow faded altars: false
     0 | D:1      | 0 ||| qw: Do Orc after D:15 true
     0 | D:1      | 0 ||| qw: Do second Lair branch before Depths: true
     0 | D:1      | 0 ||| qw: Lair rune preference: random
     0 | D:1      | 0 ||| qw: Plans: Normal
     0 | D:1      | 0 ||| PLANNING D:1-11
    40 | D:1      | Found a faded altar of an unknown god.
    82 | D:1      | Reached XP level 2. HP: 17/17 MP: 6/6
    83 | D:1      | Reached skill level 3 in Axes
   185 | D:1      | 185 ||| Stepping ~*~*~tactically~*~*~ (stealth).
   187 | D:1      | 187 ||| Stepping ~*~*~tactically~*~*~ (stealth).
   193 | D:1      | 193 ||| DROPPING +0 club.
   684 | D:1      | 684 ||| READING scroll labelled JIOPPI CEATIU.
   685 | D:1      | 685 ||| READING 2 scrolls labelled IDUERR AB IMI.
   686 | D:1      | 686 ||| READING 2 scrolls labelled GAUWEL DOCHOS.
   691 | D:1      | 691 ||| READING 2 scrolls labelled LOWILU RUCH.
   692 | D:1      | 692 ||| DROPPING scroll of blinking.
   693 | D:1      | 693 ||| DROPPING scroll of magic mapping.
   778 | D:2      | Reached XP level 3. HP: 21/21 MP: 7/7
   951 | D:2      | 951 ||| Stepping ~*~*~tactically~*~*~ (stealth).
   956 | D:2      | Reached skill level 4 in Axes
   956 | D:2      | 956 ||| FLEEEEING.
   961 | D:2      | 961 ||| FLEEEEING.
   962 | D:2      | 962 ||| FLEEEEING.
   963 | D:2      | 963 ||| FLEEEEING.
   964 | D:2      | 964 ||| FLEEEEING.
   965 | D:2      | 965 ||| FLEEEEING.
   966 | D:2      | 966 ||| FLEEEEING.
   967 | D:2      | 967 ||| FLEEEEING.
   968 | D:2      | 968 ||| FLEEEEING.
   972 | D:2      | 972 ||| FLEEEEING.
  1164 | D:2      | 1164 ||| Stepping ~*~*~tactically~*~*~ (stealth).
  1490 | D:2      | Reached XP level 4. HP: 25/26 MP: 8/8
  1704 | D:2      | 1704 ||| UPGRADING to +0 buckler.
  1709 | D:2      | 1709 ||| READING scroll labelled GEYTSU LORIUSK.
  1710 | D:2      | 1710 ||| READING scroll labelled KODUNE DEUSH.
  1711 | D:2      | 1711 ||| READING scroll labelled HISYNI ULUFFEU.
  1712 | D:2      | 1712 ||| READING scroll labelled ANUOZEVETIOV.
  1713 | D:2      | 1713 ||| READING scroll labelled WUNLOPEIVVE.
  1928 | D:3      | 1928 ||| Stepping ~*~*~tactically~*~*~ (stealth).
  1934 | D:3      | 1934 ||| Stepping ~*~*~tactically~*~*~ (hiding).
  1947 | D:3      | HP: 2/26 [orc wizard/magic dart (7)]
  1948 | D:3      | 1948 ||| READING scroll of teleportation.
  1950 | D:3      | Reached skill level 1 in Shields
  2253 | D:3      | Noticed Ijyb
  2254 | D:3      | Found a shimmering altar of Xom.
  2260 | D:3      | Killed Ijyb
  2261 | D:3      | Reached skill level 5 in Axes
  2261 | D:3      | Gained mutation: Your magical nature lets you fly swiftly
                  | and evasively. [Tengu growth]
  2261 | D:3      | Reached XP level 5. HP: 11/30 MP: 9/9
  2472 | D:3      | Found a broken altar of Ashenzari.
  2498 | D:3      | Found a runed translucent door.
  2499 | D:3      | Noticed Crazy Yiuf
  2628 | D:3      | 2628 ||| Stepping ~*~*~tactically~*~*~ (stealth).
  2854 | D:3      | 2854 ||| Stepping ~*~*~tactically~*~*~ (stealth).
  2855 | D:3      | 2855 ||| Stepping ~*~*~tactically~*~*~ (stealth).
  2858 | D:3      | 2858 ||| Stepping ~*~*~tactically~*~*~ (stealth).
  2860 | D:3      | 2860 ||| Stepping ~*~*~tactically~*~*~ (stealth).
  2861 | D:3      | 2861 ||| Stepping ~*~*~tactically~*~*~ (stealth).
  2875 | D:3      | 2875 ||| DROPPING +0 whip.
  3184 | D:3      | 3184 ||| UPGRADING to +0 ring mail.
  3194 | D:3      | 3194 ||| DROPPING +0 leather armour.
  3195 | D:3      | 3195 ||| UPGRADING to +0 chain mail.
  3205 | D:3      | 3205 ||| DROPPING +0 ring mail.
  3206 | D:3      | 3206 ||| UPGRADING to amulet of reflection.
  3211 | D:3      | 3211 ||| DRINKING 3 inky potions.
  3212 | D:3      | 3212 ||| DRINKING 2 lumpy yellow potions.
  3212 | D:3      | Gained mutation: Your magical capacity is low. (-10% MP)
                  | [potion of mutation]
  3212 | D:3      | Gained mutation: You are clumsy. (Dex -2) [potion of
                  | mutation]
  3212 | D:3      | Gained mutation: Your flesh is heat resistant. (rF+)
                  | [potion of mutation]
  3251 | D:4      | 3251 ||| STAIRDANCE
  3374 | D:4      | Noticed an ogre
  3375 | D:4      | 3375 ||| Stepping ~*~*~tactically~*~*~ (stealth).
  3377 | D:4      | HP: 7/30 [ogre/+0 giant club (23)]
  3378 | D:4      | 3378 ||| READING scroll of teleportation.
  3378 | D:4      | Demolished by an ogre

Levels and vault maps discovered:
D:1:      dpeg_arrival_simpleton_b, layout_basic, ebering_ecumenical_altar_mist,
          fountainhead
D:2:      minmay_spotlight, layout_basic
D:3:      cheibrodos_pilgrimage, layout_basic, overflow_temple_1_default,
          mainiacjoe_overflow_tiny_flanked, uniq_ijyb, uniq_crazy_yiuf_cottage
D:4:      layout_rooms, grunt_temple_overflow_lords_of_destruction,
          mainiacjoe_overflow_chevrons, serial_curves, eino_curves_04,
          eino_curves_02, corexii_checkpoint_b, hex_medium,
          kennysheep_another_room, palyth_stone_intersect, uniq_menkaure

Skill      XL: |  1  2  3  4 |
---------------+-------------+-----
Axes           | 3 4 5 |  5.7
Shields        | 1 |  1.8
Fighting       | |  2.0
Throwing       | |  1.0
Armour         | |  1.1
Dodging        | |  2.1
Spellcasting   | |  2.0
Translocations | |  2.4

Action                   |  1- 3 |  4- 6 || total
-------------------------+-------+-------++-------
Melee: Hand axe          |    90 |    65 ||   155
       Peck              |    12 |     9 ||    21
       Kick              |    21 |    15 ||    36
Throw: Boomerang         |     7 |       ||     7
  Use: Scroll            |     4 |     7 ||    11
       Potion            |       |     2 ||     2
 Stab: Sleeping          |     1 |       ||     1
Armor: Leather armour    |    21 |    11 ||    32
Dodge: Dodged            |    51 |    39 ||    90
Block: Buckler           |       |    10 ||    10

Table legend:
 A = Non-vault XP
 B = Vault XP
 C = Vault XP percentage of total XP
 D = Non-vault monster count
 E = Vault monster count
 F = Vault count percentage of total count
                 A         B        C        D         E       F
            +---------+---------+-------+---------+---------+-------
      Total |     148 |     109 |  42.4 |      57 |      11 |  16.2
            +---------+---------+-------+---------+---------+-------
        D:1 |      28 |       0 |   0.0 |      17 |       0 |   0.0
        D:2 |      40 |      18 |  31.0 |      17 |       5 |  22.7
        D:3 |      74 |      91 |  55.2 |      21 |       6 |  22.2
        D:4 |       6 |       0 |   0.0 |       2 |       0 |   0.0
            +---------+---------+-------+---------+---------+-------
